 Dungeon Crawl Stone Soup version 0.30-a0-463-g4188047c90 (webtiles) character file.

Game seed: 7368237973823309521

4893 M4edhros the Nimble (level 10, 0/65 HPs)
             Began as an Octopode Artificer on Dec 17, 2022.
             Was a Follower of Zin.
             Shot with an arrow by a centaur warrior (15 damage)
             ... on level 8 of the Dungeon.
             The game lasted 00:20:30 (7953 turns).

M4edhros the Nimble (Octopode Artificer)            Turns: 7953, Time: 00:20:31

Health: 0/65       AC:  1    Str: 16    XL:     10   Next: 51%
Magic:  13/13      EV: 19    Int: 16    God:    Zin [*.....]
Gold:   298        SH:  0    Dex: 21    Spells: 10/13 levels left

rFire   + + .      SeeInvis +    I - +6 sling "Sauriefy" {flame, Int+3}
rCold   . . .      Faith    .    (no shield)
rNeg    . . .      Spirit   .    (helmet restricted)
rPois   .          Reflect  .    p - amulet of magic regeneration
rElec   .          Harm     .    w - +6 ring of strength
rCorr   .          Rampage  .    h - ring of protection from fire
Will    .....                    a - ring of protection from fire
Stlth   +++++.....               l - ring of see invisible
HPRegen 0.30/turn                (no ring)
MPRegen 0.53/turn                (no ring)
                                 (no ring)
                                 (no ring)

@: no status effects
A: almost no armour, amphibious, 8 rings, camouflage 1, gelatinous body 1,
(nimble swimmer 1), tentacles, tentacle spike 1, agile 1
a: Renounce Religion, Recite, Donate Gold


You were on level 8 of the Dungeon.
You worshipped Zin.
Zin was aware of your devotion.
You visited 2 branches of the dungeon, and saw 10 of its levels.
You also visited: Ossuary.

You collected 428 gold pieces.
You spent 97 gold pieces at shops.
You donated 33 gold pieces to Zin.

Inventory:

Hand Weapons
 c - a +3 glaive of distortion
 o - a +4 quarterstaff of chaos
 s - a +1 short sword of venom
 D - a +2 mace of holy wrath
 I - the +6 sling "Sauriefy" (weapon) {flame, Int+3}
   (You bought it in a shop on level 2 of the Dungeon)

   Any ammunition fired from it burns those it strikes, dealing additional fire
   damage.
   Int:       It affects your intelligence (+3).
Missiles
 j - 16 curare-tipped darts
Magical Staves
 i - a staff of air
Jewellery
 a - a ring of protection from fire (on tentacle)
 h - a ring of protection from fire (right tentacle)
 l - a ring of see invisible (on tentacle)
 m - a ring of fire
 p - an amulet of magic regeneration (around mantle)
 t - a ring of ice
 w - a +6 ring of strength (left tentacle)
Wands
 b - a wand of flame (33)
 d - a wand of light (5)
 G - a wand of mindburst (15)
Scrolls
 e - 4 scrolls of noise
 k - 3 scrolls of teleportation
 q - 2 scrolls of vulnerability
 u - a scroll of brand weapon
 v - 5 scrolls of magic mapping
 x - 2 scrolls of enchant armour
 y - a scroll of poison
 z - a scroll of enchant weapon
 B - 2 scrolls of amnesia
 E - 3 scrolls of fear
 F - a scroll of butterflies
Potions
 f - 4 potions of curing
 g - a potion of cancellation
 n - a potion of degeneration
 A - a potion of brilliance
 C - a potion of invisibility
 H - a potion of flight {unknown}
Miscellaneous
 r - a phial of floods (inert)


   Skills:
 + Level 4.8 Fighting
 * Level 6.5 Ranged Weapons
 - Level 8.0 Dodging
 - Level 7.6 Stealth
 + Level 2.2 Spellcasting
 + Level 2.4 Translocations
 + Level 2.5 Fire Magic
 + Level 2.5 Air Magic
 - Level 8.0 Evocations


You had 10 spell levels left.
You knew the following spells:

 Your Spells              Type           Power      Damage    Failure   Level
a - Kindle Blastsparks    Fire/Tloc/Air  18%        2d11      22%         3

Your spell library contained the following spells:

 Spells                   Type           Power      Damage    Failure   Level
 Poisonous Vapours        Pois/Air       10%        N/A       19%         2
 Sting                    Tmut/Pois      4%         1d3       21%         1
 Ensorcelled Hibernation  Hex/Ice        2%         N/A       30%         2
 Passwall                 Tmut/Erth      0%         N/A       30%         2
 Ignite Poison            Fire/Tmut/Pois 4%         N/A       38%         3
 Dazzling Flash           Conj/Hex       2%         N/A       52%         3
 Spider Form              Tmut/Pois      1%         N/A       52%         3
 Passage of Golubria      Tloc           9%         N/A       58%         4
 Iskenderun's Mystic Bla  Conj/Tloc      5%         2d3       77%         4
 Anguish                  Hex/Necr       0%         N/A       90%         4
 Olgreb's Toxic Radiance  Pois           1%         N/A       90%         4
 Lightning Bolt           Conj/Air       2%         1d14      98%         5
 Silence                  Hex/Air        2%         N/A       98%         5
 Freezing Cloud           Conj/Ice/Air   2%         6-21      99%         5
 Yara's Violent Unravell  Hex/Tmut       0%         3d3       99%         5
 Starburst                Conj/Fire      2%         6d3       100%        6
 Enfeeble                 Hex            0%         N/A       100%        7
 Lehudib's Crystal Spear  Conj/Erth      0%         10d2      100%        8
 Chain Lightning          Conj/Air       2%         3d3       100%        9


Dungeon Overview and Level Annotations

Branches:
Dungeon (9/15)             Temple (1/1) D:7            Lair (0/5) D:8
Ossuary (visited)
    Orc: D:9-12

Altars:
Ashenzari
Cheibriados
Dithmenos
Elyvilon
Fedhas
Gozag
Hepliaklqana
Kikubaaqudgha
Makhleb
Nemelex Xobeh
Okawaru
Qazlal
Sif Muna
Trog
Uskayaw
Vehumet
Wu Jian
Xom
Yredelemnul
Zin
The Shining One

Shops:
D:2 (

Annotations:
D:8 1 transporter, Heedrag's ghost, novice DsCj
Temple 2 transporters
Abyss:1 Pikel


Innate Abilities, Weirdness & Mutations

You cannot wear most types of armour.
You are amphibious.
You can wear up to eight rings at the same time.
Your skin changes colour to match your surroundings (Stealth+).
Your rubbery body absorbs attacks. (AC +1, EV +1)
((You are camouflaged when in or above water. (Stealth+)))
You have tentacles for arms and can constrict up to eight enemies at once.
One of your tentacles bears a spike.
You are agile. (Dex +4, Str/Int -1)


Message History

You can no longer call upon Zin for vitalisation.
No target in view!
No target in view!
You see here a +0 shortbow.
Found a stone staircase leading down.
There is a stone staircase leading down here.
There is a stone staircase leading down here.
There is a stone staircase leading up here.
Done exploring.
Done exploring.
Done exploring.
(D) Dungeon (T) Temple (L) Lair
Where to? (Enter - Temple @ (x,y), ? - help)
There is a shaft here.
There is a stone staircase leading down, spattered with blood here.
You climb downwards.
Level annotation: 1 transporter, Heedrag's ghost, novice DsCj
There is a stone staircase leading up here.
A centaur warrior is nearby!
A centaur warrior is nearby!
Aiming: Mindburst
Press: ? - help, Shift-Dir - straight line, f - centaur warrior
Aim: a centaur warrior (wandering, hasn't noticed you, chance to affect: 76%)
The centaur warrior shouts!
The centaur warrior barely resists.
The centaur warrior wields a +0 shortbow.
The centaur warrior shoots an arrow.
The arrow hits you!!
Aiming: Mindburst
Press: ? - help, Shift-Dir - straight line, f/p - centaur warrior
Aim: a centaur warrior, wielding a +0 shortbow (chance to affect: 76%)
The centaur warrior's mind is blasted!!
The centaur warrior shoots an arrow.
The arrow hits you!!
* * * LOW HITPOINT WARNING * * *
The centaur warrior shoots an arrow.
The arrow completely misses you.
Aiming: Mindburst
Press: ? - help, Shift-Dir - straight line, f/p - centaur warrior
Aim: a centaur warrior, wielding a +0 shortbow (heavily wounded, chance to affect: 76%)
The centaur warrior's mind is blasted!!
The centaur warrior shoots an arrow.
The arrow hits you!
You die...

...........#..##
########........
. #..#.#....
#.#..#.# ###
#.#..#.#
#....#.#
###.##.#
#......#.#
#..#.@...#
#..#.#####
#....<# ##.#.##
#c#.# #.#.#
#.#.# #.#.#
#.#.#


You could see a centaur warrior.

Vanquished Creatures
  A two-headed ogre (D:8)
  Joseph (D:7)
  Prince Ribbit (D:7)
  A slime creature (D:8)
  A steam dragon (D:7)
  A water moccasin (D:7)
  6 orc warriors
  2 black bears
  2 ice beasts (D:6)
  2 ogres
  4 centaurs
  A phantom (D:6)
  3 bullfrogs (D:8)
  2 necrophages
  A scorpion (D:5)
  A gnoll sergeant (D:8)
  4 howler monkeys (D:7)
  4 centaur zombies (Ossuary)
  3 orc priests
  A jelly (D:7)
  Crazy Yiuf (D:6)
  4 hounds
  Terence (D:3)
  An iguana (D:6)
  8 orc wizards
  2 mummies (Ossuary)
  Robin (D:3)
  5 gnolls (D:8)
  4 adders
  A shadow imp (D:7)
  2 white imps
  An ufetubus (D:5)
  2 dart slugs
  36 orcs
  10 endoplasms
  4 giant cockroaches
  8 hobgoblins
  6 jackals
  6 kobolds
  2 quokkas
  6 ball pythons
  5 bats
  2 frilled lizards (D:2)
  16 goblins
  A goblin zombie (D:4)
  2 hobgoblin zombies (Ossuary)
  5 rats
184 creatures vanquished.

Vanquished Creatures (collateral kills)
  A centaur (D:7)
  A lemure (D:7)
  A centaur zombie (Ossuary)
  2 orc priests
  2 mummies (Ossuary)
  A dart slug (D:2)
  9 orcs
  2 giant cockroaches (D:2)
  A goblin (D:2)
20 creatures vanquished.

Vanquished Creatures (others)
  An ogre (D:6)
  2 adders (D:2)
  6 bushes (D:8)
  13 plants (D:8)
22 creatures vanquished.

Grand Total: 226 creatures vanquished

Notes
Turn   | Place    | Note
-------+----------+-------------------------------------------
     0 | D:1      | M4edhros the Octopode Artificer began the quest for the
                  | Orb.
     0 | D:1      | Reached XP level 1. HP: 13/13 MP: 1/1
   133 | D:1      | Reached XP level 2. HP: 11/18 MP: 2/2
   195 | D:1      | Found a faded altar of an unknown god.
   501 | D:1      | Reached XP level 3. HP: 23/23 MP: 3/3
   789 | D:2      | Reached XP level 4. HP: 15/28 MP: 4/4
   881 | D:2      | Found Boorgh's Antique Weapon Emporium.
  1668 | D:3      | Reached XP level 5. HP: 20/33 MP: 5/5
  1889 | D:3      | You fall into a shaft and drop 3 floors!
  1915 | D:6      | Noticed an orc warrior
  1931 | D:6      | Killed an orc warrior
  1934 | D:6      | Reached XP level 6. HP: 17/38 MP: 6/6
  1935 | D:6      | Noticed an ice beast
  1939 | D:6      | Killed an ice beast
  1940 | D:6      | Reached skill level 5 in Dodging
  2173 | D:6      | Reached skill level 5 in Stealth
  2344 | D:6      | Reached skill level 5 in Evocations
  2344 | D:6      | Reached XP level 7. HP: 32/43 MP: 7/7
  2802 | D:6      | Reached XP level 8. HP: 44/48 MP: 8/8
  2875 | D:6      | Found a runed translucent door.
  2876 | D:6      | Noticed Crazy Yiuf
  3116 | D:6      | Killed Crazy Yiuf
  3139 | D:5      | Entered Level 5 of the Dungeon
  4131 | D:4      | Found a sand-covered staircase.
  4148 | Ossuary  | Entered an ossuary
  4980 | D:3      | Noticed Robin
  4999 | D:3      | Killed Robin
  5055 | D:3      | Noticed Terence
  5059 | D:3      | Killed Terence
  5209 | D:2      | Bought a shimmering sling for 97 gold pieces
  5209 | D:2      | Identified the +6 sling "Sauriefy" {flame, Int+3} (You
                  | bought it in a shop on level 2 of the Dungeon)
  5342 | D:7      | Reached skill level 1 in Ranged Weapons
  5459 | D:7      | Found a runed translucent door.
  5473 | D:7      | Noticed Pikel
  5480 | D:7      | Banished Pikel
  5481 | D:7      | Reached XP level 9. HP: 54/54 MP: 9/9
  5529 | D:7      | Gained mutation: You are robust. (+10% HP) [potion of
                  | mutation]
  5529 | D:7      | Lost mutation: You are robust. (+10% HP) [potion of
                  | mutation]
  5529 | D:7      | Gained mutation: One of your tentacles bears a spike.
                  | [potion of mutation]
  5529 | D:7      | Gained mutation: You are agile. (Dex +4, Str/Int -1)
                  | [potion of mutation]
  5982 | D:7      | Found a staircase to the Ecumenical Temple.
  5984 | D:7      | Noticed Prince Ribbit
  5985 | D:7      | Noticed Joseph
  5988 | D:7      | Killed Prince Ribbit
  5989 | D:7      | Reached skill level 5 in Ranged Weapons
  6038 | D:8      | Found a basalt altar of Yredelemnul.
  6053 | D:8      | Learned a level 3 spell: Kindle Blastsparks
  6081 | D:8      | Noticed a boulder beetle
  6081 | D:8      | Noticed a centaur warrior
  6081 | D:8      | Noticed a centaur warrior
  6130 | D:8      | Found a blossoming altar of Fedhas.
  6171 | D:8      | Noticed a two-headed ogre
  6275 | D:8      | Found a staircase to the Lair.
  6437 | D:8      | Reached skill level 1 in Translocations
  6437 | D:8      | Reached skill level 1 in Fire Magic
  6437 | D:8      | Reached skill level 1 in Air Magic
  6625 | D:8      | Got the Anthology of the Transmuted Brume
  6661 | D:8      | Reached XP level 10. HP: 63/63 MP: 11/11
  6665 | D:8      | Reached skill level 1 in Spellcasting
  6898 | D:8      | Killed a two-headed ogre
  6974 | D:8      | Found a transporter.
  6981 | D:8      | Noticed a moth of wrath
  6982 | D:8      | Noticed Heedrag's ghost (novice DsCj)
  6984 | D:8      | Found a bloodstained altar of Trog.
  7019 | D:8      | Found a transporter.
  7229 | D:9      | Found a snail-covered altar of Cheibriados.
  7241 | D:9      | Found a white marble altar of Elyvilon.
  7319 | D:7      | Killed Joseph
  7338 | Temple   | Entered the Ecumenical Temple
  7338 | Temple   | Found a transporter.
  7338 | Temple   | Found a transporter.
  7395 | Temple   | Found a transporter.
  7395 | Temple   | Found a transporter.
  7409 | Temple   | Became a worshipper of Zin the Law-Giver
  7409 | Temple   | Reached * piety under Zin
  7633 | D:7      | Reached ** piety under Zin
  7953 | D:8      | Shot with an arrow by a centaur warrior

Illustrated notes

Levels and vault maps discovered:
D:1:      minmay_arrival_cross, layout_loops_cross,
          hellmonk_ecumenical_altar_heavens_door, minmay_pentomino_p2
D:2:      layout_loops_cross, serial_shops, shop, minmay_fractal_squares_5
D:3:      layout_rooms, chequers_decorated_corner, uniq_terence, uniq_robin
D:4:      layout_cave_pools, enter_ossuary_3
D:5:      layout_gridville, st_stairs_9
D:6:      layout_gridville, uniq_crazy_yiuf_cottage
D:7:      layout_loops_ring, minmay_temple_entry_large_hall,
          minmay_misc_feat_four_crosses, lightli_church_of_beogh, uniq_pikel,
          uniq_joseph, uniq_prince_ribbit1
D:8:      minmay_the_grid_octo_2x2 [minmay_the_grid_octo_clover_2,
          minmay_the_grid_octo_tetromino_candy, minmay_the_grid_octo_concentric,
          minmay_the_grid_octo_prize_big_c], layout_basic,
          fedhas_altar_decomposition,
          chequers_temple_overflow_statue_of_worship,
          gammafunk_ghost_wrathful_warriors, hangedman_decor_growths
D:9:      due_megacathedral, layout_basic, mainiacjoe_overflow_large_starburst,
          serial_shops, shop, dreamdust_princess_bridge
Temple:   hellmonk_temple_divided_pantheon

Skill      XL: |  1  2  3  4  5  6  7  8  9 10 |
---------------+-------------------------------+-----
Stealth        | 2 3 4 5 6 7 |  7.6
Dodging        | 3 4 5 6 8 |  8.0
Evocations     | 4 5 7 8 |  8.0
Ranged Weapons | 2 5 6 |  6.5
Fighting       | 2 4 |  4.8
Translocations | 1 2 |  2.4
Fire Magic     | 1 2 |  2.5
Air Magic      | 1 2 |  2.5
Spellcasting   | 2 |  2.2

Action                   |  1- 3 |  4- 6 |  7- 9 | 10-12 || total
-------------------------+-------+-------+-------+-------++-------
Melee: Unarmed           |    85 |    77 |   147 |       ||   309
       Tentacles         |    23 |    21 |    52 |       ||    96
       Constrict         |    23 |    23 |    35 |       ||    81
       Club              |     3 |       |       |       ||     3
       Punch             |     2 |     1 |     5 |       ||     8
 Fire: Sling             |       |       |   146 |    57 ||   203
Throw: Dart              |       |     3 |       |       ||     3
 Cast: Kindle Blastspark |       |       |       |     4 ||     4
Evoke: Wand              |     2 |    13 |    37 |     3 ||    55
       Phial of floods   |       |       |       |     1 ||     1
  Use: Potion            |       |     3 |    11 |     2 ||    16
       Scroll            |       |       |    13 |     4 ||    17
 Stab: Sleeping          |     5 |     8 |     7 |       ||    20
Armor: Skin              |     4 |     8 |     9 |       ||    21
Dodge: Dodged            |    58 |    44 |   244 |    28 ||   374

Table legend: (Time is in decaauts)
 A = Elapsed time spent in this place.
 B = Non-inter-level travel time spent in this place.
 C = Inter-level travel time spent in this place.
 D = Time resting spent in this place.
 E = Time spent auto-exploring this place.
 F = Levels seen in this place.
 G = Mean time per level.
                   A        B        C        D        E       F      G
               +--------+--------+--------+--------+--------+-----+--------+
         Total |   7989 |   7637 |    352 |    911 |   5203 |  11 |  726.3 |
       Dungeon |   7435 |   7089 |    346 |    694 |   5051 |   9 |  826.1 |
        Temple |     85 |     80 |      5 |      0 |     56 |   1 |   85.0 |
       Ossuary |    468 |    468 |      0 |    217 |     96 |   1 |  468.0 |
               +--------+--------+--------+--------+--------+-----+--------+

Top non-repeatable levels by time:
     D:8: 1330 daAuts
     D:6: 1271 daAuts
     D:7: 1137 daAuts
     D:2: 910 daAuts
     D:5: 871 daAuts
     D:1: 704 daAuts
     D:3: 601 daAuts
     D:4: 488 daAuts
 Ossuary: 468 daAuts
     D:9: 119 daAuts
  Temple: 85 daAuts
